 Dungeon Crawl Stone Soup version 0.18.1-48-g4cf74bf (console) character file.

4291 Homage the Fighter (level 10, -2/93 HPs)
             Began as a Minotaur Fighter on July 18, 2016.
             Was a Believer of Okawaru.
             Slain by Maud
             ... wielding a +2 war axe of chopping
              (20 damage)
             ... on level 9 of the Dungeon.
             The game lasted 00:18:54 (6847 turns).

Homage the Fighter (Minotaur Fighter)               Turns: 6847, Time: 00:18:55

Health: -2/93      AC: 16    Str: 25    XL:     10   Next: 11%
Magic:  7/9        EV: 11    Int:  5    God:    Okawaru [**....]
Gold:   520        SH: 15    Dex: 11    Spells: 0 memorised, 9 levels left

rFire  . . .     SeeInvis .     a - +1 war axe (flame)
rCold  . . .     Gourm    .     D - +0 plate armour
rNeg   . . .     Faith    .     c - +1 shield
rPois  +         Spirit   .     (helmet restricted)
rElec  .         Dismiss  .     q - +0 cloak
rCorr  .         Reflect  .     (no gloves)
SustAt .         Harm     .     (no boots)
MR     .....                    (no amulet)
Stlth  ..........               E - +2 ring of strength
                                h - ring of poison resistance

@: heroism, not resistant to hostile enchantments, extremely unstealthy
A: retaliatory headbutt, horns 2
a: Heroism, Renounce Religion


You were on level 9 of the Dungeon.
You worshipped Okawaru.
Okawaru was pleased with you.
You were not hungry.

You visited 2 branches of the dungeon, and saw 11 of its levels.
You also visited: Ossuary.

You collected 520 gold pieces.


Innate Abilities, Weirdness & Mutations

You reflexively headbutt those who attack you in melee.
You have a pair of horns on your head.


   Skills:
 - Level 10.2(15.2) Fighting
 - Level 10.0(15.0) Axes
 - Level 7.0(12.0) Armour
 - Level 4.0(9.0) Dodging
 + Level 8.8(13.8) Shields


You had 9 spell levels left.
You didn't know any spells.

Inventory:

Hand Weapons
 a - a +1 war axe of flaming (weapon)
 u - the +4 trident of Weenunnu {freeze, +Inv rElec rF+++ Int-5}
   (You found it on level 6 of the Dungeon)

   It has been specially enchanted to freeze those struck by it, causing extra
   injury to most foes and up to half again as much damage against particularly
   susceptible opponents.
   It can also slow down cold-blooded creatures.
   It affects your intelligence (-5).
   It renders you almost immune to fire.
   It insulates you from electricity.
   It lets you turn invisible.
Missiles
 g - 7 tomahawks (quivered)
 w - 2 throwing nets
Armour
 c - a +1 shield (worn)
 q - a +0 cloak (worn)
 D - a +0 plate armour (worn)
Jewellery
 e - an uncursed ring of protection from magic
 h - a ring of poison resistance (left hand)
 E - a +2 ring of strength (right hand)
Wands
 t - a wand of iceblast (15/15)
Scrolls
 j - 13 scrolls of identify
 k - 6 scrolls of remove curse
 l - a scroll of fear
 o - a scroll of magic mapping
 v - 2 scrolls of enchant armour
 y - 2 scrolls of blinking
 C - 2 scrolls of immolation
 F - a scroll of brand weapon
Potions
 b - 3 potions of magic
 d - 4 potions of might
 m - 3 potions of flight
 n - a potion of curing
 p - a potion of brilliance
 x - 2 potions of haste
 z - 2 potions of cure mutation {!q}
Comestibles
 f - 3 bread rations
 i - 3 meat rations
 r - 11 fruits
 s - 2 royal jellies
 A - a slice of pizza


Message History

The howler monkey skeleton moves out of view.
You slash Maud! You burn Maud.
Maud is lightly wounded.
Maud hits you with a war axe of chopping!!
You hit Maud. You burn Maud. Your headbutt misses Maud.
Maud is lightly wounded.
Maud hits you with a war axe of chopping!!
All of the chunks of flesh in your inventory have rotted away.
There is a stone staircase leading up here.
Maud hits you with a war axe of chopping!
* * * LOW HITPOINT WARNING * * *
x2 You climb upwards.
There is a stone staircase leading down here.
Unknown command.
You gain the combat prowess of a mighty hero.
You feel slightly more hungry.
You hit Maud. You burn Maud.
Maud is lightly wounded.
Maud hits you with a war axe of chopping!!
You die...

#### ###...#
#......#######
......@@.....#
.......#####.#
......# .....#
#.### #


You could see Maud.

Vanquished Creatures
  Pikel (D:5)
  A cyclops (D:7)
  The ghost of CatHerder the Stinger, a novice DsVM of Dithmenos (Ossuary)
  A hungry ghost (D:8)
  A hippogriff (D:7)
  A water moccasin (D:7)
  An orc warrior (D:8)
  2 ice beasts
  A wasp (D:10)
  3 ogres
  The ghost of ENesbit the Charlatan, an amateur DDAr (D:4)
  A phantom (D:4)
  2 necrophages
  3 elf zombies (Ossuary)
  2 giant frogs
  A wyvern zombie (D:8)
  A scorpion (D:4)
  4 wights (D:5)
  A howler monkey (D:5)
  A crimson imp (D:6)
  3 giant frog zombies
  4 centaur zombies
  2 hounds (D:5)
  3 orc priests
  Crazy Yiuf (D:3)
  A jelly (D:7)
  2 orc wizards
  Jessica (D:3)
  3 iguanas
  Natasha (twice) (D:4)
  4 worker ants
  2 sheep (D:7)
  A big kobold zombie (Ossuary)
  A hound zombie (D:7)
  2 hound skeletons
  2 mummies (Ossuary)
  A worker ant zombie (D:7)
  12 adders
  3 shadow imps
  2 oozes
  An adder zombie (Ossuary)
  A worm (D:2)
  3 dart slugs (D:1)
  4 giant geckos
  22 orcs
  7 bats
  10 giant cockroaches
  2 goblins
  A hobgoblin (D:1)
  14 jackals
  5 quokkas
  3 ball pythons
  A giant cockroach zombie (D:5)
  2 giant gecko skeletons
  5 giant newts
  A goblin zombie (D:7)
  11 hobgoblin zombies (Ossuary)
  3 jackal zombies
  3 kobolds
  9 kobold zombies (Ossuary)
  6 orc zombies (Ossuary)
  2 quokka zombies
  5 rats
203 creatures vanquished.

Vanquished Creatures (others)
  A gnoll (D:5)
  An adder skeleton (D:5)
  A giant cockroach (D:5)
  3 jackals (D:5)
6 creatures vanquished.

Grand Total: 209 creatures vanquished

Notes
Turn   | Place    | Note
--------------------------------------------------------------
     0 | D:1      | Homage the Minotaur Fighter began the quest for the Orb.
     0 | D:1      | Reached XP level 1. HP: 19/19 MP: 0/0
    11 | D:1      | Reached skill level 1 in Dodging
   111 | D:1      | Reached XP level 2. HP: 26/26 MP: 1/1
   477 | D:2      | Reached skill level 3 in Dodging
   477 | D:2      | Reached XP level 3. HP: 29/31 MP: 2/2
   807 | D:2      | Reached XP level 4. HP: 39/39 MP: 3/3
   819 | D:2      | Found a shimmering altar of Xom.
   984 | D:3      | Reached skill level 3 in Axes
  1173 | D:3      | Noticed Crazy Yiuf
  1179 | D:3      | Killed Crazy Yiuf
  1288 | D:3      | Noticed Jessica
  1292 | D:3      | Killed Jessica
  1292 | D:3      | Reached XP level 5. HP: 45/45 MP: 4/4
  1858 | D:4      | Noticed ENesbit's ghost (amateur DDAr)
  1871 | D:4      | Killed ENesbit's ghost
  1871 | D:4      | Reached skill level 6 in Axes
  1871 | D:4      | Reached XP level 6. HP: 50/51 MP: 5/5
  2001 | D:4      | Found a sparkling altar of Nemelex Xobeh.
  2003 | D:4      | Found a bloodstained altar of Trog.
  2003 | D:4      | Found a white marble altar of Elyvilon.
  2004 | D:4      | Found a deep blue altar of Sif Muna.
  2004 | D:4      | Found a sacrificial altar of Ru.
  2042 | D:4      | Noticed Natasha
  2048 | D:4      | Killed Natasha
  2175 | D:4      | Noticed Natasha
  2179 | D:4      | Killed Natasha
  2225 | D:4      | Found a snail-covered altar of Cheibriados.
  2364 | D:4      | Reached skill level 6 in Armour
  2364 | D:4      | Reached XP level 7. HP: 47/57 MP: 6/6
  2763 | D:5      | Entered Level 5 of the Dungeon
  2807 | D:5      | Noticed Pikel
  2814 | D:5      | Killed Pikel
  2814 | D:5      | Reached XP level 8. HP: 61/73 MP: 7/7
  3012 | D:5      | Found a staircase to the Ecumenical Temple.
  3077 | Temple   | Entered the Ecumenical Temple
  3126 | Temple   | Became a worshipper of Warmaster Okawaru
  3590 | D:5      | Reached skill level 6 in Shields
  4093 | D:5      | Found a shattered altar of Ashenzari.
  4454 | D:6      | Found a sparkling altar of Nemelex Xobeh.
  4490 | D:6      | Got a smoking trident
  4513 | D:6      | Lost intelligence.
  4513 | D:6      | Identified the +4 trident of Weenunnu {freeze, +Inv rElec rF+++ Int-5} (You found it on level 6 of the Dungeon)
  4660 | D:7      | Reached XP level 9. HP: 78/79 MP: 8/8
  4837 | D:7      | Found a sand-covered staircase.
  4871 | Ossuary  | Entered an ossuary
  4901 | Ossuary  | Noticed CatHerder's ghost (novice DsVM)
  4936 | Ossuary  | Killed CatHerder's ghost
  4936 | Ossuary  | Reached * piety under Okawaru
  4936 | Ossuary  | Reached skill level 9 in Axes
  5421 | D:7      | Noticed a cyclops
  5432 | D:7      | Killed a cyclops
  5432 | D:7      | Reached ** piety under Okawaru
  5432 | D:7      | Reached skill level 9 in Fighting
  6619 | D:8      | Reached XP level 10. HP: 93/93 MP: 9/9
  6784 | D:8      | You fall through a shaft for 2 floors!
  6784 | D:10     | Entered Level 10 of the Dungeon
  6834 | D:10     | Noticed Maud
  6844 | D:10     | HP: 17/93 [Maud/war axe of chopping (3)]
  6847 | D:9      | Slain by Maud

Vault maps used:
D:1:      minmay_arrival_glassed_features
D:2:      nicolae_overflow_crystal_walls, first_bread
D:3:      uniq_jessica, uniq_crazy_yiuf_cottage
D:4:      lemuel_round_altar, grunt_temple_overflow_open, uniq_natasha
D:5:      kennysheep_mini_moat, minmay_temple_entry_enclosed_plants, uniq_pikel
D:6:      nemelex_dance_club_becter
D:7:      enter_ossuary_4, minmay_bad_closet
D:9:      hangedman_pestilent_swarm
D:10:     dpeg_oklobed_lair, serial_shops, nicolae_shop_statue_plus,
          kennysheep_generic_room_6, uniq_psyche, uniq_fannar, uniq_maud
Temple:   hc_temple_tempest_star
Ossuary:  ossuary_tomb_1

Action                   |  1- 3 |  4- 6 |  7- 9 | 10-12 || total
-------------------------+-------+-------+-------+-------++-------
Melee: War axe           |    76 |   120 |   342 |    21 ||   559
       Headbutt          |    10 |    18 |    70 |     3 ||   101
Invok: Heroism           |       |       |       |     1 ||     1
  Use: Potion            |     4 |     4 |     4 |       ||    12
       Scroll            |     7 |     2 |     5 |     1 ||    15
  Eat: Chunk             |       |     5 |    13 |     2 ||    20
       Beef jerky        |       |       |     2 |       ||     2
Armor: Scale mail        |    51 |    48 |     8 |       ||   107
       Chain mail        |       |       |    76 |       ||    76
       Plate armour      |       |       |    94 |     5 ||    99
Dodge: Dodged            |    29 |    36 |    79 |     1 ||   145
Block: Shield            |    50 |    64 |   180 |    12 ||   306
